 Dungeon Crawl Stone Soup version 0.17-a0-1164-g0ba867e (webtiles) character file.

44655 Lugonue the Earth Mage (level 13, -1/66 HPs)
             Began as a Deep Elf Earth Elementalist on May 28, 2015.
             Was a High Priest of Vehumet.
             Slain by a black mamba (2 damage)
             ... on level 7 of the Lair of Beasts.
             The game lasted 01:52:09 (19698 turns).

Lugonue the Earth Mage (DEEE)                      Turns: 19698, Time: 01:52:09

Health: -1/66      AC: 12    Str:  5    XL:     13   Next: 97%
Magic:  43/43      EV: 29    Int: 28    God:    Vehumet [*****.]
Gold:   1244       SH:  0    Dex: 16    Spells: 10 memorised, 8 levels left

rFire  . . .     SeeInvis .     a - 89 stones
rCold  . . .     Clarity  .     B - +0 robe
rNeg   . . .     SustAt   .     (no shield)
rPois  .         Gourm    .     q - +0 helmet
rElec  .         Spirit   .     F - +0 cloak
rCorr  +         Warding  .     o - +2 pair of gloves
rMut   .         Stasis   .     (no boots)
MR     +....                    U - amulet of resist corrosion
Stlth  +++.......               j - +3 ring of intelligence
                                y - ring of magical power

@: lethally poisoned (-1 -> -53), phasing, stone skin, marked, somewhat
resistant to hostile enchantments, fairly stealthy
A: no striking features
a: Renounce Religion


You were on level 7 of the Lair of Beasts.
You worshipped Vehumet.
Vehumet was extremely pleased with you.
You were not hungry.

You visited 4 branches of the dungeon, and saw 21 of its levels.

You collected 1244 gold pieces.

Inventory:

Hand weapons
 b - a +5 quarterstaff of chaos
 E - a +2 short sword of freezing
Missiles
 a - 89 stones (in hand)
Armour
 o - a +2 pair of gloves (worn)
 q - a +0 helmet (worn)
 B - a +0 robe (worn)
 F - a +0 cloak (worn)
Jewellery
 j - a +3 ring of intelligence (right hand)
 n - an uncursed ring of flight
 w - an uncursed ring of teleportation
 y - a ring of magical power (left hand)
 A - an uncursed ring of protection from cold
 I - an uncursed ring of protection from fire
 K - an uncursed amulet of the gourmand
 M - an uncursed ring of stealth
 N - an uncursed amulet of resist mutation
 U - an amulet of resist corrosion (around neck)
Magical devices
 g - a wand of paralysis (12)
 m - a wand of polymorph (9)
 v - a wand of digging (7)
 J - a wand of confusion (37)
 L - a wand of fireball (3)
 O - a wand of polymorph (15)
 P - a wand of digging (6)
 V - a wand of paralysis (18)
Scrolls
 e - 6 scrolls of remove curse
 f - a scroll of fog
 i - 7 scrolls of identify
 k - 5 scrolls of enchant armour
 u - a scroll of holy word
 C - 6 scrolls of immolation
Potions
 h - 7 potions of might
 l - 2 potions of lignification
 z - a potion of flight
 H - a potion of cure mutation
Books
 c - a book of Geomancy

   Spells                             Type                      Level
   a - Sandblast                      Earth                        1
   b - Stoneskin                      Transmutation/Earth          2
   c - Passwall                       Transmutation/Earth          3
   d - Stone Arrow                    Conjuration/Earth            3
   e - Petrify                        Transmutation/Earth          4
   f - Lee's Rapid Deconstruction     Earth                        5
 p - a book of Alchemy

   Spells                             Type                      Level
   a - Sublimation of Blood           Necromancy                   2
   b - Ignite Poison                  Fire/Transmutation/Poison    3
   c - Alistair's Intoxication        Transmutation/Poison         4
   d - Condensation Shield            Ice                          4
   e - Petrify                        Transmutation/Earth          4
   f - Irradiate                      Conjuration/Transmutation    5
 t - a book of the Warp

   Spells                             Type                      Level
   a - Recall                         Summoning/Translocation      3
   b - Gell's Gravitas                Hexes/Translocation          3
   c - Control Teleport               Charms/Translocation         4
   d - Force Lance                    Conjuration/Translocation    4
   e - Phase Shift                    Translocation                5
   f - Warp Weapon                    Charms/Translocation         5
   g - Summon Forest                  Summoning/Translocation      5
 Q - a book of Hinderance

   Spells                             Type                      Level
   a - Confusing Touch                Hexes                        2
   b - Confuse                        Hexes                        3
   c - Gell's Gravitas                Hexes/Translocation          3
   d - Petrify                        Transmutation/Earth          4
   e - Metabolic Englaciation         Hexes/Ice                    5
Miscellaneous
 r - a lamp of fire
 R - a crystal ball of energy
Comestibles
 d - 14 bread rations
 s - 10 meat rations
 G - 6 royal jellies


   Skills:
 - Level 1.8 Fighting
 - Level 2.2 Staves
 - Level 13.0 Dodging
 - Level 2.9 Stealth
 - Level 15.0 Spellcasting
 + Level 7.9 Conjurations
 + Level 6.0 Hexes
 + Level 3.4 Charms
 * Level 6.4 Translocations
 + Level 4.3 Transmutations
 + Level 15.1 Earth Magic
 - Level 0.2 Evocations


You had 8 spell levels left.
You knew the following spells:

 Your Spells              Type           Power        Failure   Level  Hunger
a - Sandblast             Erth           ######       0%          1    None
b - Stoneskin             Trmt/Erth      ######..     1%          2    None
c - Stone Arrow           Conj/Erth      ######       1%          3    None
d - Passwall              Trmt/Erth      ######....   1%          3    None
e - Petrify               Trmt/Erth      ######..     1%          4    None
f - Lee's Rapid Deconstr  Erth           #######...   1%          5    None
g - Phase Shift           Tloc           ######....   6%          5    None
h - Confuse               Hex            ######..     1%          3    None
i - Mephitic Cloud        Conj/Pois/Air  #####...     1%          3    None
j - Iskenderun's Battles  Conj/Chrm      ######..     2%          5    None


Dungeon Overview and Level Annotations

Branches:
Dungeon (11/15)            Temple (1/1) D:4            Lair (7/8) D:11
 Shoals (0/4) Lair:4       Spider (0/4) Lair:4        Slime (0/6) Lair:6
    Orc (2/4) D:10

Altars:
Ashenzari
Cheibriados
Dithmenos
Elyvilon
Fedhas
Gozag
Kikubaaqudgha
Makhleb
Nemelex Xobeh
Okawaru
Qazlal
Ru
Sif Muna
Trog
Vehumet
Xom
Yredelemnul
Zin
The Shining One
Beogh

Shops:
D:6 (   D:9 *}

Portals:
Trove: D:10 (give wand of hasting (9))

Annotations:
Orc:2 Maud, Snorg


Message History

You are more poisoned.
The black mamba poisons you!
You feel less invigorated.
You feel less confused.
* * * LOW HITPOINT WARNING * * *
You feel very sick.
You momentarily phase out as the black mamba's attack passes through you.
The giant frog closely misses you.
The water moccasin completely misses you.
You momentarily phase out as the black mamba's attack passes through you.
The black mamba bites you!
* * * LOW HITPOINT WARNING * * *
You are more poisoned.
The black mamba poisons you! The giant frog completely misses you.
* * * LOW HITPOINT WARNING * * *
You feel very sick. The black mamba completely misses you.
You momentarily phase out as the water moccasin's attack passes through you.
The black mamba completely misses you. The black mamba bites you.
You die...

#. ... ..P.
#.##.....PPP##
#............#
###..........P#
.###@S...... ...#
#.#SSFSH...##...#
#.rSSPS..##...##...
##..S.............. .
#....SP.......##.?.
.≈##..l...F.#.PP##
.≈≈;.......P....#
≈≈≈P≈.....S.PPP#### ##
≈≈P≈P........P.#..##.##


You could see a komodo dragon, 5 black mambas, a hippogriff, a spiny frog, 5
water moccasins, a giant frog, a porcupine and an electric eel.

Vanquished Creatures
  A dire elephant (Lair:6)
  4 hydras
  2 catoblepae
  An unseen horror (D:11)
  5 hill giants
  Pikel (D:7)
  An orb spider (Lair:4)
  An ugly thing (D:11)
  A griffon (Lair:5)
  9 elephants
  2 black mambas
  A torpor snail (Lair:5)
  A gargoyle (D:10)
  11 spiny frogs
  2 fire drakes
  6 komodo dragons
  3 merfolk
  A queen bee (Lair:4)
  A two-headed ogre (D:9)
  30 blink frogs
  2 trolls (D:10)
  A trapdoor spider zombie (D:9)
  An air elemental (D:10)
  25 yaks
  A wraith (D:10)
  A wyvern (D:11)
  A water elemental (D:10)
  2 basilisks (Lair:6)
  4 hippogriffs
  A fire elemental (D:10)
  11 wolves (Lair:2)
  Edmund (D:4)
  A warg (Orc:1)
  6 orc warriors
  Duvessa (D:6)
  12 water moccasins
  4 ice beasts
  4 sky beasts
  A phantom (D:6)
  5 centaurs
  6 ogres
  6 porcupines
  A tengu (D:9)
  14 crocodiles
  A big kobold (D:9)
  A gnoll sergeant (D:9)
  An earth elemental (D:10)
  30 killer bees
  4 scorpions
  A wyvern skeleton (D:9)
  Dowan (D:6)
  18 giant frogs
  6 jellies
  4 electric eels (Lair:6)
  7 wights
  2 centaur zombies
  A wasp zombie (D:10)
  7 iguanas
  10 crimson imps
  2 centaur skeletons
  7 hounds
  Crazy Yiuf (D:7)
  2 giant frog zombies
  4 giant frog skeletons
  11 orc priests
  10 orc wizards
  13 worker ants
  7 sheep (Lair:4)
  A hound skeleton (D:4)
  A hound zombie (D:8)
  7 adders
  12 gnolls
  2 worker ant zombies (D:8)
  50 river rats
  3 shadow imps
  A white imp (D:7)
  3 oozes
  3 adder skeletons
  2 adder zombies (D:9)
  2 worms
  5 giant geckos
  52 orcs
  A bat skeleton (D:4)
  6 giant cockroaches
  14 goblins
  4 hobgoblins
  13 jackals
  5 quokkas
  4 ball pythons
  9 bats
  A giant cockroach zombie (D:5)
  A giant gecko skeleton (D:6)
  3 giant newts
  A jackal zombie (D:5)
  21 kobolds
  A quokka zombie (D:4)
  14 rats
  A fungus (Lair:4)
  3 plants
593 creatures vanquished.

Vanquished Creatures (collateral kills)
  A killer bee (D:10)
  A wight (D:10)
2 creatures vanquished.

Vanquished Creatures (others)
  A slave (D:7)
  A killer bee (D:10)
  2 crimson imps (D:7)
  A worker ant zombie (D:7)
  An adder (D:7)
  A river rat (Lair:6)
  2 bats
  10 toadstools (Lair:6)
19 creatures vanquished.

Grand Total: 614 creatures vanquished

Notes
Turn   | Place    | Note
--------------------------------------------------------------
     0 | D:1      | Lugonue the Deep Elf Earth Elementalist began the quest for the Orb.
     0 | D:1      | Reached XP level 1. HP: 10/10 MP: 6/6
   418 | D:1      | Reached XP level 2. HP: 10/15 MP: 6/8
   433 | D:1      | Learned a level 2 spell: Stoneskin
   794 | D:2      | Reached skill level 4 in Earth Magic
   909 | D:2      | Found a deep blue altar of Sif Muna.
  1169 | D:3      | Reached XP level 3. HP: 19/19 MP: 6/10
  1480 | D:3      | Learned a level 3 spell: Stone Arrow
  1484 | D:3      | Learned a level 3 spell: Passwall
  1638 | D:3      | Reached XP level 4. HP: 24/24 MP: 10/12
  1938 | D:4      | Noticed Edmund
  1949 | D:4      | Killed Edmund
  1949 | D:4      | Reached skill level 5 in Spellcasting
  1949 | D:4      | Reached skill level 5 in Earth Magic
  1949 | D:4      | Reached XP level 5. HP: 16/28 MP: 1/14
  2216 | D:4      | Found a shadowy altar of Dithmenos.
  2243 | D:4      | Reached XP level 6. HP: 28/32 MP: 4/16
  2499 | D:4      | Found a staircase to the Ecumenical Temple.
  2505 | Temple   | Entered the Ecumenical Temple
  2690 | D:4      | Reached skill level 6 in Spellcasting
  3021 | D:4      | Found a sparkling altar of Nemelex Xobeh.
  3079 | D:4      | Found a shimmering altar of Xom.
  3174 | D:5      | Entered Level 5 of the Dungeon
  3708 | D:5      | Noticed a water moccasin
  3715 | D:5      | Killed a water moccasin
  3715 | D:5      | Reached XP level 7. HP: 33/36 MP: 8/19
  3770 | D:5      | Learned a level 4 spell: Petrify
  3776 | D:5      | Learned a level 5 spell: Lee's Rapid Deconstruction
  3830 | D:5      | Reached skill level 7 in Spellcasting
  3906 | D:5      | Found an opulent altar of Gozag.
  4411 | D:5      | Reached skill level 8 in Spellcasting
  4415 | D:5      | Reached XP level 8. HP: 41/41 MP: 17/22
  4737 | D:6      | Reached skill level 5 in Dodging
  4893 | D:6      | Noticed Dowan
  4895 | D:6      | Noticed Duvessa
  4896 | D:6      | Killed Dowan
  4909 | D:6      | Found Kedof's Weapon Boutique.
  4928 | D:6      | Killed Duvessa
  5049 | D:6      | Reached skill level 9 in Spellcasting
  5187 | D:6      | Reached skill level 1 in Conjurations
  5535 | D:7      | Found a stormy altar of Qazlal.
  5556 | D:7      | Noticed Pikel
  5561 | D:7      | Killed Pikel
  5561 | D:7      | Reached XP level 9. HP: 45/45 MP: 20/24
  5606 | D:7      | Learned a level 5 spell: Phase Shift
  5982 | D:7      | Noticed Crazy Yiuf
  5985 | D:7      | Killed Crazy Yiuf
  6361 | D:8      | Reached skill level 10 in Earth Magic
  6361 | D:8      | Reached skill level 10 in Spellcasting
  7092 | D:9      | Reached skill level 1 in Staves
  7184 | D:9      | Found Ufihene's Serpentskin Sales.
  7192 | D:9      | Reached skill level 11 in Earth Magic
  7337 | D:9      | Reached XP level 10. HP: 43/51 MP: 26/26
  7362 | D:9      | Found a radiant altar of Vehumet.
  7365 | D:9      | Became a worshipper of Vehumet
  7398 | D:9      | Learned a level 3 spell: Confuse
  7429 | D:9      | Reached skill level 1 in Fighting
  7450 | D:9      | Found Tupioppull's Gadget Emporium.
  7479 | D:9      | Found a sacrificial altar of Ru.
  7914 | D:9      | Reached skill level 5 in Conjurations
  8270 | D:10     | Entered Level 10 of the Dungeon
  8313 | D:10     | Acquired Vehumet's first power
  8313 | D:10     | Offered knowledge of Shock by Vehumet.
  8323 | D:10     | Found a large runed door.
  8324 | D:10     | Found a large runed door.
  8452 | D:10     | Reached skill level 1 in Hexes
  8550 | D:10     | Noticed a hill giant
  8798 | D:10     | Found a staircase to the Orcish Mines.
  8963 | D:10     | Offered knowledge of Sting by Vehumet.
  9165 | D:10     | Found a portal to a secret trove of treasure.
  9365 | D:10     | Found a roughly hewn altar of Beogh.
  9393 | D:10     | Killed a hill giant
  9393 | D:10     | Reached XP level 11. HP: 57/57 MP: 1/27
  9615 | D:10     | Reached skill level 10 in Dodging
  9678 | D:10     | Noticed a hill giant
  9692 | D:10     | Killed a hill giant
  9798 | D:10     | Noticed a hill giant
  9811 | D:10     | Killed a hill giant
 10104 | D:10     | Noticed a hill giant
 10118 | D:10     | Killed a hill giant
 10118 | D:10     | Offered knowledge of Mephitic Cloud by Vehumet.
 10123 | D:10     | Learned a level 3 spell: Mephitic Cloud
 10293 | D:11     | Noticed a hill giant
 10465 | D:11     | Killed a hill giant
 10473 | D:11     | Acquired Vehumet's second power
 10950 | Orc:1    | Entered Level 1 of the Orcish Mines
 11048 | Orc:1    | Offered knowledge of Fulminant Prism by Vehumet.
 11082 | Orc:1    | Reached skill level 12 in Dodging
 11211 | Orc:2    | Noticed Maud
 11214 | Orc:2    | Noticed Snorg
 11225 | Orc:1    | Identified a scroll of acquirement
 11292 | D:11     | Killed an unseen horror
 11313 | D:11     | Found a staircase to the Lair.
 11398 | Lair:1   | Entered Level 1 of the Lair of Beasts
 11791 | Lair:1   | Reached skill level 13 in Spellcasting
 12084 | Lair:1   | Reached XP level 12. HP: 62/62 MP: 31/31
 12643 | Lair:2   | Acquired Vehumet's third power
 12838 | Lair:2   | Noticed an eight-headed hydra
 12850 | Lair:2   | Killed an eight-headed hydra
 12850 | Lair:2   | Offered knowledge of Iskenderun's Battlesphere by Vehumet.
 12859 | Lair:2   | Learned a level 5 spell: Iskenderun's Battlesphere
 13248 | Lair:2   | Reached skill level 14 in Spellcasting
 13261 | Lair:2   | Noticed a catoblepas
 13275 | Lair:2   | Killed a catoblepas
 13663 | Lair:2   | Noticed an eight-headed hydra
 13677 | Lair:2   | Killed an eight-headed hydra
 13677 | Lair:2   | Reached skill level 15 in Spellcasting
 13868 | Lair:3   | Reached skill level 1 in Translocations
 14384 | Lair:3   | Reached skill level 1 in Charms
 14786 | Lair:4   | Reached skill level 5 in Hexes
 14886 | Lair:4   | Found a hole to the Spider Nest.
 14950 | Lair:4   | Offered knowledge of Bolt of Fire by Vehumet.
 14957 | Lair:4   | Reached XP level 13. HP: 38/66 MP: 6/34
 15878 | Lair:4   | Found a staircase to the Shoals.
 16100 | Lair:5   | Found a deep blue altar of Sif Muna.
 16598 | Lair:5   | Reached skill level 5 in Translocations
 16722 | Lair:4   | Offered knowledge of Sticky Flame by Vehumet.
 18229 | Lair:6   | Found a staircase to the Slime Pits.
 18474 | Lair:6   | Noticed a dire elephant
 19477 | Lair:6   | Killed a dire elephant
 19477 | Lair:6   | Reached skill level 15 in Earth Magic
 19698 | Lair:7   | HP: 1/66 [poisoned by a black mamba]
 19698 | Lair:7   | Slain by a black mamba

Vault maps used:
D:1:      scummos_arrival_simple_crosswalls, nrook_loot_triangle,
          wad_floor_pattern_untrapped, grunt_decor_one_mirror
D:2:      first_bread, lemuel_blue_sif_altar
D:4:      nicolae_overflow_hidden_temple, nicolae_dithmenos_the_darkroom,
          minmay_temple_entry_fiery, uniq_edmund
D:5:      lemuel_doored_altar
D:6:      serial_shops, shop, serial_co_window_serial,
          co_window_of_opportunity_a, co_window_paths_a, co_window_corner_a,
          co_window_corner_a, co_window_corner_a, co_window_paths_c,
          co_window_cross_4, co_window_2corner, co_window_broadway_a,
          co_window_broadway_a, co_window_paths_d, glass_columns_b,
          glass_columns_a, glass_columns_c, glass_columns_b, glass_columns_b,
          uniq_duvessa
D:7:      grunt_qazlal_clouds, minmay_nine_imps, uniq_pikel,
          uniq_crazy_yiuf_cottage
D:9:      nicolae_overflow_crystal_walls, kennysheep_mini_moat, serial_shops,
          shop, hangedman_fish_farm, guppyfry_shop_venom
D:10:     minmay_orc_entry_temple_small, enter_trove_0, lightli_elemental_guards
D:11:     dpeg_oklobed_lair
Temple:   water_room_temple_b_12
Lair:1:   serial_bayou_shore_b
Lair:4:   elwin_shoals_entry_rooms, nicolae_spider_entry_orb_guardian,
          special_room, serial_bayou_shore_b
Lair:5:   basic_altar
Lair:6:   gammafunk_lair_enchanted_lake, nicolae_slime_entry_slimehenge,
          minivault_26
Lair:7:   beast_lair_carwin_large_4, serial_bayou_shore_a
Orc:1:    uniq_erica
Orc:2:    uniq_maud, uniq_snorg

Action                   |  1- 3 |  4- 6 |  7- 9 | 10-12 | 13-15 || total
-------------------------+-------+-------+-------+-------+-------++-------
Melee: Short sword       |       |     2 |    10 |       |       ||    12
       Quarterstaff      |       |       |    61 |   185 |    27 ||   273
 Cast: Sandblast         |    48 |    66 |    83 |   204 |   159 ||   560
       Stoneskin         |     1 |     5 |    17 |    47 |    15 ||    85
       Stone Arrow       |       |     8 |    65 |   129 |    78 ||   280
       Lee's Rapid Decon |       |       |    14 |    49 |    34 ||    97
       Petrify           |       |       |     7 |    26 |     6 ||    39
       Confuse           |       |       |       |    14 |    17 ||    31
       Mephitic Cloud    |       |       |       |    13 |     4 ||    17
       Iskenderun's Batt |       |       |       |    20 |    30 ||    50
       Phase Shift       |       |       |       |       |     8 ||     8
Evoke: Wand              |       |       |     1 |     1 |     3 ||     5
  Use: Scroll            |       |    11 |     6 |    15 |     4 ||    36
       Potion            |       |     1 |     3 |     4 |     5 ||    13
 Stab: Sleeping          |       |       |     2 |       |       ||     2
       Petrified         |       |       |     1 |     2 |       ||     3
       Confused          |       |       |       |     1 |       ||     1
       Petrifying        |       |       |       |     1 |       ||     1
  Eat: Chunk             |     2 |     2 |     3 |     8 |    11 ||    26
       Royal jelly       |       |     1 |       |       |     3 ||     4
       Beef jerky        |       |     1 |     1 |     1 |       ||     3
       Meat ration       |       |     1 |     1 |     4 |       ||     6
       Pizza             |       |       |       |     2 |       ||     2
